Unix NetHack Version 5.0.0-0 post-release - last build Jul 19 2026 19:10:59 (3aa4ab31751d3886436d94b585a96704892fd477,branch:main).

Game began 2026-07-21 23:42:41, ended 2026-07-21 23:49:06.

Jinnora, neutral female human Wizard

                                             ---
                                       -- ----.---     --
                                     ---.--......--- --.---
                                     |....... ..... ......--
                                     |.......-...   .......---        -
                                     |.........-   .%........| --    .--
                                     |.........----....................-
                                     --.#....@)))<).%........-
                                      - --....-.-.-..........|
                                         -.|............--  .-
                                         . |............|
                                           ---..........-
                                             -...........
                                             ......---.--
                                            .......|  --
                                           -......--
                                           --.....
                                            --.[..-
                                             ------

Jinnora the Green-elf     St:10 Dx:16 Co:13 In:13 Wi:11 Ch:12  Neutral
Dlvl:4  $:26 HP:0(21) Pw:18(54) AC:9  HD:5 T:908  FoodPois Burdened

Latest messages:
 There is a partly eaten gnome corpse here; eat it? [ynq] (n) y
 You resume your meal.
 You finish eating the gnome corpse.
 The gnome picks up a pair of hard shoes.
 In what direction? 4
 The spell hits the gnome!
 You kill the gnome!
 The spell misses the rothe.
 In what direction? 4
 The spell hits the rothe!
 You kill the rothe!
 You see here 2 arrows.
 There are many objects here.
 You see here 2 crossbow bolts.
 There is a rothe corpse here; eat it? [ynq] (n) y
 This rothe corpse is fatty.
 You finish eating the rothe corpse.
 There is a gnome lord corpse here; eat it? [ynq] (n) y
 Ulch - that meat was tainted!
 You feel deathly sick.
 (It must have died too long ago to be safe to eat.)
 Are you sure you want to pray? [yn] (n) y
 You begin praying to Thoth.
 You finish your prayer.
 You feel that Thoth is displeased.
 Searching doesn't feel like a good idea right now.
 Searching doesn't feel like a good idea right now.
 Searching doesn't feel like a good idea right now.
 Searching doesn't feel like a good idea right now.
 Searching doesn't feel like a good idea right now.
 Searching doesn't feel like a good idea right now.
 Searching doesn't feel like a good idea right now.
 Searching doesn't feel like a good idea right now.
 Searching doesn't feel like a good idea right now.
 Searching doesn't feel like a good idea right now.
 Searching doesn't feel like a good idea right now.
 Your sickness feels worse.
 Your sickness is severe.
 What do you want to drink? [fghu or ?*] f
 You feel more experienced.
 Welcome to experience level 5.
 You are at Death's door.
 What do you want to drink? [ghu or ?*] u
 You feel better.
 What do you want to zap? [c or ?*] c
 In what direction? .
 You turn into a Green-elf!
 Your movements are slowed slightly because of your load.
 You die from your illness.
 Do you want your possessions identified? [ynq] (y) q

Inventory:
 Coins    ('$')
  $ - 26 gold pieces
 Weapons  (')')
  p - 12 uncursed +0 darts
  A - an uncursed +0 dagger
  a - a blessed +1 quarterstaff (weapon in hands)
 Armor    ('[')
  B - an uncursed +0 helmet
  b - an uncursed +0 cloak of magic resistance (being worn)
 Comestibles  ('%')
  C - an uncursed food ration
  r - a cursed food ration
  x - an uncursed lembas wafer
  o - an uncursed tripe ration
  q - a cursed rotten tin of kobold meat
 Scrolls  ('?')
  y - an uncursed scroll of enchant weapon
  j - a blessed scroll of identify
  E - an uncursed scroll of identify
  i - 2 uncursed scrolls of remove curse
  z - an uncursed scroll of teleportation
 Spellbooks  ('+')
  k - a blessed spellbook of force bolt
  l - an uncursed spellbook of identify
 Potions  ('!')
  g - an uncursed potion of blindness
  h - 2 uncursed potions of water
 Rings    ('=')
  d - an uncursed +1 ring of increase accuracy
  w - an uncursed +1 ring of increase damage
  v - an uncursed ring of shock resistance
  e - an uncursed ring of stealth
 Wands    ('/')
  c - an uncursed wand of polymorph (0:5)
 Tools    ('(')
  n - an uncursed blindfold
  s - a cursed leash
  m - an uncursed magic marker (0:21)
  D - an uncursed skeleton key
 Gems/Stones  ('*')
  I - an uncursed worthless piece of black glass
  F - an uncursed worthless piece of green glass
  t - an uncursed worthless piece of white glass
  G - an uncursed worthless piece of yellowish brown glass

Jinnora the Wizard's attributes:

Background:
 You were in female Green-elf form.
 You were actually a Conjurer, a level 5 female human Wizard.
 You were neutral, on a mission for Thoth
 who was opposed by Ptah (lawful) and Anhur (chaotic).
 You were right-handed.
 You were in the Gnomish Mines, on level 4.
 You entered the dungeon 908 turns ago.
 It was nighttime.

Basics:
 You had 0 out of 21 hit points.
 You had 18 out of 54 energy points (spell power).
 You had 5 hit dice.
 Your armor class was 9.
 Your wallet contained 26 zorkmids.
 Autopickup was off.

Final Characteristics:
 Your strength was 10.
 Your dexterity was 16.
 Your constitution was 13.
 Your intelligence was 13.
 Your wisdom was 11.
 Your charisma was 12.

Final Status:
 You were transformed.
 You died from food poisoning.
 You weren't hungry.
 You were burdened; movement was slightly slowed.
 You were wielding a quarterstaff.
 You had basic skill with quarterstaff.

Final Attributes:
 You were devoutly aligned.
 You were magic-protected.
 You were sleep resistant.
 You saw invisible.
 You had infravision.
 You were warded.
 You were polymorphed into a Green-elf.
 You were unlucky.
 You are dead.

Miscellaneous:
 You didn't encounter any bones levels.
 Total elapsed playing time was 6 minutes and 25 seconds.

Major events:
 Turn
    1: Jinnora the neutral female human Wizard entered the dungeon
  603: entered the Gnomish Mines
  824: attained the rank of Conjurer (level 3)
  908: poisoned by a rotted gnome lord corpse

Spells:
 Name                 Level Category     Fail Retention
 force bolt             1   attack         0%  91%-100%
 identify               3   divination    98%  76%-100%

Skills:
 Fighting Skills
   bare handed combat [Unskilled]
   riding             [Unskilled]
 Weapon Skills
   dagger             [Unskilled]
   knife              [Unskilled]
   axe                [Unskilled]
   short sword        [Unskilled]
   club               [Unskilled]
   mace               [Unskilled]
   quarterstaff       [Basic]
   polearms           [Unskilled]
   spear              [Unskilled]
   trident            [Unskilled]
   sling              [Unskilled]
   dart               [Unskilled]
   shuriken           [Unskilled]
 Spellcasting Skills
   attack spells      [Basic]
   healing spells     [Unskilled]
   divination spells  [Unskilled]
   enchantment spells [Basic]
   clerical spells    [Unskilled]
   escape spells      [Unskilled]
   matter spells      [Unskilled]

Voluntary challenges:
 Character rerolling was not enabled.
 You were illiterate.
 You never genocided any monsters.
 You never polymorphed an object.
 You used no wishes.
Achievements:
 You entered a shop.
 You entered the Gnomish Mines.
 You attained the rank of Conjurer.

 The Dungeons of Doom: levels 1 to 4
    Level 1:
    Level 2:
       A scroll shop.
    Level 3:
       An altar.
       Stairs down to The Gnomish Mines.
    Level 4:
 The Gnomish Mines:
    Level 4: <- You were here.
       Final resting place for
          you, poisoned by a rotted gnome lord corpse.


Vanquished creatures:
  a gnome leader
  a kitten
  2 dwarves
  a rothe
  a hobbit
  8 gnomes
  2 geckos
  2 foxes
  a grid bug
  2 kobold zombies
  2 newts
23 creatures vanquished.

No species were genocided or became extinct.

Game over:
                       ----------
                      /          \
                     /    REST    \
                    /      IN      \
                   /     PEACE      \
                  /                  \
                  |     Jinnora      |
                  |      26 Au       |
                  |  poisoned by a   |
                  |   rotted gnome   |
                  |   lord corpse    |
                  |                  |
                  |       2026       |
                 *|     *  *  *      | *
        _________)/\\_//(\/(/\)/\//\/|_)_______

Goodbye Jinnora the Wizard...

You were poisoned in The Gnomish Mines on dungeon level 4 with 620 points,
and 26 pieces of gold, after 908 moves.
You were level 5 with a maximum of 36 hit points when you were poisoned.

